[Event "Live Chess"]
[Site "Chess.com"]
[Date "2023.05.21"]
[Round "-"]
[White "seasidecastle27"]
[Black "LiamClery2020"]
[Result "1-0"]
[WhiteElo "1898"]
[BlackElo "1965"]
[TimeControl "300"]
[EndTime "6:32:53 PDT"]
[Termination "seasidecastle27 won by checkmate"]

1. d4 Nf6 2. Nf3 e6 3. Bg5 Be7 4. Nbd2 d5 5. e3 c5 6. c3 Nc6 7.
Bd3 cxd4 8. exd4 Bd6 9. Qe2 O-O 10. Ne5 h6 11. h4 Be7 12. O-O-O Qa5 13. Kb1 a6 14.
Bxf6 Bxf6 15. g4 Bxe5 16. dxe5 b5 17. g5 b4 18. gxh6 bxc3 19. Qg4 g6 20. Bxg6 Nxe5 21. Bh7+ Kxh7 22. Qg7# 1-0

[Event "Live Chess"]
[Site "Chess.com"]
[Date "2023.05.21"]
[Round "-"]
[White "GMMickeyAdams"]
[Black "WelshTiger"]
[Result "1-0"]
[WhiteElo "2783"]
[BlackElo "2319"]
[TimeControl "300"]
[EndTime "6:32:57 PDT"]
[Termination "GMMickeyAdams won by resignation"]

1. d4 d5 2. Nf3 Nf6 3. g3 e6 4. Bg2 c5 5. c4 Nc6 6. cxd5 exd5 7. O-O Be7 8. Nc3 O-O 9. Bf4 c4 10. Ne5 Be6 11. e4 dxe4 12. Nxc6 bxc6 13. Nxe4 Nxe4 14.
Bxe4 Bd5 15. Re1 Bf6 16. Be5 Bxe5 17. dxe5 Qd7 18. Rc1 Rad8 19. Qe2 Qe6 20. Rcd1 Rd7 21. Bxd5 cxd5 22. Rd4 f5 23. Red1 Re8 24. f4 g5 25. Qh5 gxf4 26. gxf4 Rg7+ 27. Kh1 Rd8 28. Qf3 Rgd7 29. b3 cxb3 30. Qxb3 Kh8 31. Rg1 Rg7 32. Rxg7 Kxg7 33. Rd2 Kh8 34. Rg2 Qc6 35. Qg3 Qh6 36. Kg1 Qb6+ 37. Kh1 Qh6 38. h3 d4 39. Rd2 Qc6+ 40.
Kh2 Rg8 41. Qh4 Qf3 42. Rb2 Qc6 43. Qe7 h6 44. e6 Qf3 45. Qf6+ Rg7 46. Qxh6+ 1-0

[Event "Live Chess"]
[Site "Chess.com"]
[Date "2023.05.21"]
[Round "-"]
[White "garyjc"]
[Black "tpm07"]
[Result "0-1"]
[WhiteElo "1035"]
[BlackElo "1946"]
[TimeControl "300"]
[EndTime "6:32:58 PDT"]
[Termination "tpm07 won by resignation"]

1. e4 e5 2. Nf3 Nc6 3. d4 exd4 4.
Nxd4 Nf6 5. Nxc6 bxc6 6. e5 Qe7 7. Qe2 Nd5 8. Nc3 Nxc3 9. bxc3 Qe6 10. g3 g6 11. Bg2 Bg7 12. O-O O-O 13. Re1 a5 14.
Bf4 Ba6 15. Qd2 Rfe8 16. Rab1 Qc4 17. Qxd7 Qxc3 18. Bxc6 Red8 19. Qxc7 Rac8 20. Qb6 Qxc6 21. Qxc6 Rxc6 22. Bg5 Rdc8 23. Bf6 Rxc2 24. Bxg7 Kxg7 25. e6 fxe6 26. Rxe6 R2c6 27. Re7+ Kh6 28. Rbe1 Rc1 29. Rxc1 Rxc1+ 30. Kg2 Rc2 31. Re4 Bb7 0-1

[Event "Live Chess"]
[Site "Chess.com"]
[Date "2023.05.21"]
[Round "-"]
[White "stevochess11"]
[Black "Ferrarifan27"]
[Result "0-1"]
[WhiteElo "1701"]
[BlackElo "2070"]
[TimeControl "300"]
[EndTime "6:33:00 PDT"]
[Termination "Ferrarifan27 won by resignation"]

1. e4 e5 2. a3 Nc6 3. b4 a6 4. d3 Nf6 5. g3 Be7 6. f3 d5 7. Nc3 dxe4 8. Nxe4 Nxe4 9. fxe4 Qd4 10. Bd2 a5 11. c3 Qd6 12. Bg2 Qxd3 13. Ne2 axb4 14. axb4 Rxa1 15. Qxa1 O-O 16. Qb2 Bg4 17. Bc1 Rd8 18. h3 Qd1+ 19. Kf2 Qxe2+ 20. Qxe2 Bxe2 21. Kxe2 Ra8 22. Kf3 Ra1 23. h4 Kf8 24. Bh3 Ke8 25.
Rd1 Bd6 26. Ke2 Ra2+ 27. Ke3 Rc2 28. Bd2 Ra2 29. Bf1 Ke7 30. Bc4 Ra3 31. Rf1 f6 32. g4 Bxb4 33. g5 Bxc3 34. gxf6+ gxf6 35. Rg1 Bd4+ 36. Ke2 Bxg1 0-1

[Event "Live Chess"]
[Site "Chess.com"]
[Date "2023.05.21"]
[Round "-"]
[White "vovanada"]
[Black "JoeRoot66"]
[Result "0-1"]
[WhiteElo "833"]
[BlackElo "1899"]
[TimeControl "300"]
[EndTime "6:33:11 PDT"]
[Termination "JoeRoot66 won by resignation"]

1. e4 c6 2. Nf3 d5 3. d3 g6 4.
Nc3 Bg7 5. exd5 cxd5 6. d4 Bg4 7. Be2 Nc6 8. O-O e6 9. h3 Bxf3 10. Bxf3 Nxd4 11. Be3 Nxf3+ 12. Qxf3 Ne7 13. a4 O-O 14. b3 Bxc3 15. Rad1 d4 16. Bd2 Qd5 17. Qxd5 Nxd5 18. Bxc3 Nxc3 19. Rfe1 Rfd8 20. Rd3 Rac8 21. g4 Na2 22.
Red1 Rxc2 23. Rxd4 Rxd4 24. Rxd4 Nc3 25. Rd8+ Kg7 26.
Kg2 Ne4 27. Rd7 Rxf2+ 28. Kg1 Rb2 29. Rxb7 Nc5 30. Rxa7 Rxb3 31. a5 Ra3 32. Kh2 Nb3 33. a6 Nc5 0-1

[Event "Live Chess"]
[Site "Chess.com"]
[Date "2023.05.21"]
[Round "-"]
[White "GEMdzq"]
[Black "gmnorfolk"]
[Result "0-1"]
[WhiteElo "2248"]
[BlackElo "2142"]
[TimeControl "300"]
[EndTime "6:33:12 PDT"]
[Termination "gmnorfolk won by resignation"]

1. e4 e5 2. Nf3 Nc6 3. Bb5 a6 4. Ba4 Nf6 5. O-O Be7 6. Re1 b5 7. Bb3 O-O 8. a4 b4 9. d3 d6 10. h3 h6 11. Nbd2 Be6 12. c3 Rb8 13. Bxe6 fxe6 14.
Nf1 bxc3 15. bxc3 Qd7 16. Ba3 Rfd8 17. d4 exd4 18. cxd4 e5 19. Ng3 Nxd4 20. Nxd4 exd4 21. Qxd4 c5 22. Qc4+ Kh7 23. Rad1 Qc6 24. Nf5 Bf8 25. Rd3 Re8 26. Rde3 a5 27. R3e2 Qd7 28.
Bb2 d5 29. exd5 Rxe2 30. Rxe2 Qxf5 31. Be5 Rb1+ 32. Kh2 Rb4 33. Qa6 Re4 34. Rxe4 Nxe4 35. Bb8 Qxd5 36. f3 Bd6+ 37. Bxd6 Qxd6+ 0-1

[Event "Live Chess"]
[Site "Chess.com"]
[Date "2023.05.21"]
[Round "-"]
[White "Nazar_777"]
[Black "Cimon"]
[Result "0-1"]
[WhiteElo "1566"]
[BlackElo "1848"]
[TimeControl "300"]
[EndTime "6:33:17 PDT"]
[Termination "Cimon won by checkmate"]

1. e3 g6 2. h4 Bg7 3. a3 d5 4. c4 c6 5. Nf3 Bf5 6. cxd5 cxd5 7.
Nc3 Nc6 8. Be2 Qd7 9. Ng5 h6 10. Nf3 Nf6 11. b4 a6 12. Bb2 e5 13. b5 axb5 14.
Bxb5 Qd6 15. a4 d4 16. Bxc6+ bxc6 17. Na2 c5 18. d3 O-O 19. e4 Bg4 20. Bc1 c4 21. dxc4 Nxe4 22. Qd3 Nc5 23. Qc2 d3 24. Qd2 e4 25. Nh2 Be6 26. Bb2 Rxa4 27. Bxg7 Kxg7 28. Qb2+ Kh7 29. Nc3 Rxa1+ 30. Qxa1 d2+ 31. Ke2 Qd3+ 32. Kd1 Bxc4 33. Qb2 Bb3+ 34. Qxb3 Nxb3 35. Ng4 Qxc3 36. Ke2 Nc1+ 37. Kd1 Rd8 38. Ne3 Qb3+ 39. Nc2 Rc8 40. Kxd2 Rxc2+ 41. Kd1 Qd3+ 42. Ke1 Qe2# 0-1

[Event "Live Chess"]
[Site "Chess.com"]
[Date "2023.05.21"]
[Round "-"]
[White "JoRoSaR"]
[Black "Biranidun"]
[Result "0-1"]
[WhiteElo "1686"]
[BlackElo "2515"]
[TimeControl "300"]
[EndTime "6:33:35 PDT"]
[Termination "Biranidun won by resignation"]

1. e4 c5 2. Nf3 d6 3. c3 Nf6 4.
Be2 g6 5. O-O Bg7 6. Qc2 O-O 7.
d3 Bg4 8. h3 Bxf3 9. Bxf3 Nc6 10. Be3 Rc8 11. Nd2 Nd7 12. Qa4 a6 13. Rac1 Qb6 14.
b3 Qa7 15. b4 b5 16. Qa3 cxb4 17. cxb4 Bd4 18. Bxd4 Nxd4 19. Bd1 Ne5 20. f4 Nc2+ 0-1

[Event "Live Chess"]
[Site "Chess.com"]
[Date "2023.05.21"]
[Round "-"]
[White "BillythekidFellowes"]
[Black "SupremeTactician"]
[Result "1-0"]
[WhiteElo "2086"]
[BlackElo "2220"]
[TimeControl "300"]
[EndTime "6:33:46 PDT"]
[Termination "BillythekidFellowes won by resignation"]

1. e4 e5 2. Nf3 Nc6 3. Nc3 Nf6 4. d4 exd4 5. Nxd4 Bb4 6. Nxc6 bxc6 7. f3 d5 8. Bd3 O-O 9. O-O Bxc3 10. bxc3 dxe4 11. fxe4 h6 12. Qf3 Re8 13. Bb2 Qd6 14.
c4 Qc5+ 15. Kh1 Qg5 16. e5 Ng4 17. Qxf7+ 1-0

[Event "Live Chess"]
[Site "Chess.com"]
[Date "2023.05.21"]
[Round "-"]
[White "lateforthesky"]
[Black "Berdgross"]
[Result "1-0"]
[WhiteElo "2110"]
[BlackElo "697"]
[TimeControl "300"]
[EndTime "6:33:47 PDT"]
[Termination "lateforthesky won by resignation"]

1. e4 e5 2. Nf3 d6 3. Nc3 Bg4 4. h3 Bxf3 5. Qxf3 Nc6 6. Qd1 Nd4 7. Bc4 Nf6 8. d3 Be7 9. O-O O-O 10. f4 Re8 11. f5 d5 12. exd5 Bb4 13. Be3 Bxc3 14. bxc3 Nxc2 15. Qxc2 Nxd5 16. Rae1 Nxe3 17. Rxe3 Qg5 18.
Qf2 Rad8 19. Rg3 Qe7 20. f6 Qxf6 21. Qxf6 1-0

[Event "Live Chess"]
[Site "Chess.com"]
[Date "2023.05.21"]
[Round "-"]
[White "Conradical12"]
[Black "Olisingapore"]
[Result "0-1"]
[WhiteElo "1584"]
[BlackElo "1778"]
[TimeControl "300"]
[EndTime "6:34:12 PDT"]
[Termination "Olisingapore won by resignation"]

1. e4 c5 2. Nc3 d6 3. Nf3 Nf6 4.
Bc4 Nc6 5. d3 g6 6. O-O Bg7 7.
Be3 a6 8. a4 Bg4 9. h3 Bxf3 10.
Qxf3 O-O 11. Nd5 Nxd5 12. exd5 Nb4 13. c3 Nc2 14. Rac1 Nxe3 15. fxe3 Qd7 16. d4 b5 17. axb5 axb5 18. Bd3 c4 19. Bc2 Ra2 20. Rb1 Rfa8 21. Qxf7+ Kh8 22. Rf4 Rf8 23. Qxf8+ Bxf8 24. Rxf8+ Kg7 25. Rf3 Qb7 26. Be4 e6 27. Rf4 exd5 28. Bf3 b4 29. cxb4 Qxb4 30. Bxd5 Rxb2 31. Rbf1 Qa5 32.
Be6 Qg5 33. Rg4 Qxe3+ 34. Kh1 Qxe6 0-1

[Event "Live Chess"]
[Site "Chess.com"]
[Date "2023.05.21"]
[Round "-"]
[White "Anirudh_23"]
[Black "Hacker_2009"]
[Result "0-1"]
[WhiteElo "1877"]
[BlackElo "1928"]
[TimeControl "300"]
[EndTime "6:34:14 PDT"]
[Termination "Hacker_2009 won by resignation"]

1. Nf3 Nf6 2. g3 e6 3. Bg2 d5 4. O-O Be7 5. c4 O-O 6. b3 b6 7.
Bb2 Bb7 8. Re1 c5 9. cxd5 Nxd5 10.
e4 Nb4 11. d4 cxd4 12. Bxd4 N8c6 13. Bb2 0-1

[Event "Live Chess"]
[Site "Chess.com"]
[Date "2023.05.21"]
[Round "-"]
[White "smoggyrabbit"]
[Black "SavagePawn7"]
[Result "1-0"]
[WhiteElo "1629"]
[BlackElo "782"]
[TimeControl "300"]
[EndTime "6:34:18 PDT"]
[Termination "smoggyrabbit won by resignation"]

1. d4 e5 2. dxe5 d6 3. Nf3 dxe5 4. Qxd8+ Kxd8 5. Nxe5 Nc6 6. Nxf7+ Ke8 7. Nxh8 Nf6 8.
Nc3 Nd4 9. Kd1 Bf5 10. f3 Bxc2+ 11. Ke1 Bf5 12. e4 Bg6 13. Nxg6 hxg6 14. Bc4 1-0

[Event "Live Chess"]
[Site "Chess.com"]
[Date "2023.05.21"]
[Round "-"]
[White "JohanKjeldahl"]
[Black "Vedant-1411"]
[Result "1-0"]
[WhiteElo "1881"]
[BlackElo "878"]
[TimeControl "300"]
[EndTime "6:34:21 PDT"]
[Termination "JohanKjeldahl won by checkmate"]

1. e4 e5 2. Nf3 Nc6 3. d4 exd4 4. c3 dxc3 5. Bc4 h6 6. Nxc3 Bd6 7. O-O Nf6 8. Re1 O-O 9. e5 Ne8 10. exd6 Nxd6 11.
Bb3 a5 12. Bf4 a4 13. Bc2 Nb4 14. Bb1 Qf6 15. Be5 Qe6 16. a3 Nc6 17. Bxg7 Kxg7 18. Rxe6 dxe6 19. Qd3 Nf5 20. g4 Nd6 21. Qh7+ Kf6 22.
Qxh6+ Ke7 23. Qh4+ Ke8 24. Bc2 Nc4 25. Nb5 Rb8 26.
Nxc7+ Kd7 27. Nb5 Nxb2 28. Bxa4 Nxa4 29. Rd1+ Ke8 30. Nc7# 1-0

[Event "Live Chess"]
[Site "Chess.com"]
[Date "2023.05.21"]
[Round "-"]
[White "GMHarry-youtube"]
[Black "McSlash1"]
[Result "1-0"]
[WhiteElo "2038"]
[BlackElo "1991"]
[TimeControl "300"]
[EndTime "6:34:22 PDT"]
[Termination "GMHarry-youtube won by resignation"]

1. e4 c5 2. Nf3 d6 3. Bb5+ Bd7 4. Bxd7+ Qxd7 5. c4 Nc6 6. Nc3 g6 7. d4 cxd4 8. Nxd4 Bg7 9. Be3 Nf6 10. f3 O-O 11.
O-O Rac8 12. b3 b6 13. a4 a5 14. Qd2 Nb4 15. Ndb5 Ne8 16. Bxb6 Rb8 17. Bxa5 Nc6 18. b4 Nxa5 19. bxa5 Qc6 20. Qd5 Rc8 21. Qxc6 Rxc6 22. Nd5 Rxc4 23. Nxe7+ Kh8 24. Ra2 Nc7 25. Nxc7 Rxc7 26.
Nd5 Ra7 27. Rb1 Rxa5 28. Rb5 Ra7 29. a5 Rfa8 30. Nb6 Ra6 31. Nxa8 Rxa8 32. a6 h5 33. Kf1 Kh7 34. a7 Bd4 35. Rb8 Rxa7 36. Rxa7 Bxa7 37. Rb7 1-0

[Event "Live Chess"]
[Site "Chess.com"]
[Date "2023.05.21"]
[Round "-"]
[White "kevinmilleruk"]
[Black "CheckThis4"]
[Result "0-1"]
[WhiteElo "1149"]
[BlackElo "2524"]
[TimeControl "300"]
[EndTime "6:34:24 PDT"]
[Termination "CheckThis4 won by resignation"]

1. c4 e5 2. Nc3 Nc6 3. g3 h5 4. Bg2 h4 5. d3 Bc5 6. Nf3 h3 7. Bf1 Nf6 8. Nh4 Ng4 9. Ne4 Rxh4 10. gxh4 Qxh4 11. Nxc5 Qxf2+ 12. Kd2 Qxc5 13. Bxh3 Qe3+ 14. Kc2 Qxh3 15. Bg5 Nd4+ 16. Kc3 Nf2 17. Qf1 Ne4+ 18. Kb4 a5+ 19. Ka3 Nc2+ 20. Kb3 Nxa1+ 21. Ka3 Nc2+ 22. Kb3 Nd4+ 23. Ka3 Qxf1 24. Rxf1 Nxg5 25. h4 Nge6 26. h5 b5 27. h6 gxh6 0-1

[Event "Live Chess"]
[Site "Chess.com"]
[Date "2023.05.21"]
[Round "-"]
[White "MartinWalker4"]
[Black "YrrriKharkiv"]
[Result "1-0"]
[WhiteElo "2069"]
[BlackElo "2063"]
[TimeControl "300"]
[EndTime "6:34:27 PDT"]
[Termination "MartinWalker4 won by resignation"]

1. e4 e6 2. d4 d5 3. Nd2 Nf6 4. e5 Nfd7 5. Bd3 c5 6. c3 Nc6 7. Ne2 f6 8. Nf4 Ndxe5 9. dxe5 Nxe5 10. Nf3 Nf7 11. O-O Bd6 12. Bb5+ Kf8 13. Re1 Ne5 14.
Nxe5 Bxe5 15. Qh5 Ke7 16. Rxe5 fxe5 17. Qxe5 Rg8 18. Nxe6 Bxe6 19. Bg5+ Kf7 1-0

[Event "Live Chess"]
[Site "Chess.com"]
[Date "2023.05.21"]
[Round "-"]
[White "worldchessleaguelive"]
[Black "chessfiction"]
[Result "1/2-1/2"]
[WhiteElo "1372"]
[BlackElo "2315"]
[TimeControl "300"]
[EndTime "6:35:07 PDT"]
[Termination "Game drawn - timeout vs insufficient material"]

1. d4 d5 2. Bf4 e5 3. Bxe5 Nc6 4.
Nf3 Bg4 5. Nbd2 Qe7 6. h3 Bh5 7. c3 O-O-O 8. Qb3 f6 9. Bh2 Nh6 10. O-O-O Bg6 11. Nh4 Bf7 12. e3 f5 13. Bb5 Qxh4 14. Bxc6 bxc6 15. Qa4 Kd7 16. Qxa7 Bd6 17. Nf3 Ra8 18. Qxa8 Qxf2 19. Qxh8 Qxe3+ 20. Kb1 f4 21. Ne5+ Bxe5 22. dxe5 Bg6+ 23. Ka1 Nf5 24. Rhe1 Qf2 25.
e6+ Ke7 26. Qc8 Ne3 27. Qd7+ Kf6 28. Rxe3 fxe3 29. e7 e2 30. Qxc6+ Kxe7 31. Qxc7+ Ke8 32. Qe5+ Kf8 33. Qd6+ Ke8 34. Qc6+ Ke7 35. Bd6+ Ke6 36.
Qxd5+ Kf6 37. Be5+ Kg5 38. Bg3+ Qf5 39. Qxf5+ Bxf5 40. Re1 Bd3 41. a4 h5 42. a5 h4 43.
Bf2 Kf5 44. Ka2 Ke4 45. Bxh4 Ke3 46. b4 Kd2 47. Rh1 Kxc3 48. Be1+ Kc4 49. h4 Kb5 50. h5 Bc4+ 51. Kb2 Bd5 52. h6 gxh6 53. Rxh6 Bxg2 54. Re6 Bf3 55. Kc3 Bg4 56. Kd2 Bxe6 57. Kxe2 Bc4+ 58.
Ke3 Bd5 59. Kd4 Ba8 60. Bf2 Bb7 61. Kc3 Ba6 62. Bc5 Kc6 63. Kd4 Kb5 64. Ke5 Bc8 65. Kd6 Ba6 66. Kc7 Ka4 67. Kb8 Kb5 68. Ka7 Bc8 69.
a6 Bf5 70. Kb7 Be4+ 1/2-1/2

[Event "Live Chess"]
[Site "Chess.com"]
[Date "2023.05.21"]
[Round "-"]
[White "wadsy27"]
[Black "ms_lilley"]
[Result "1-0"]
[WhiteElo "2551"]
[BlackElo "604"]
[TimeControl "300"]
[EndTime "6:35:12 PDT"]
[Termination "wadsy27 won by checkmate"]

1. e4 e6 2. d4 d5 3. e5 c5 4. c3 c4 5. f4 Ne7 6. Nf3 Nf5 7. Be2 g6 8. O-O Be7 9. b3 O-O 10. bxc4 b6 11. cxd5 Qxd5 12. Ng5 Bxg5 13. fxg5 Na6 14. Bf3 Qb5 15. Bxa8 Qxf1+ 16. Qxf1 Nc7 17. Be4 Ba6 18. Qf2 Nb5 19. Bxf5 exf5 20. h4 Nxc3 21. Nxc3 Bd3 22. h5 gxh5 23. Qh4 Rc8 24. Nd5 Rc2 25. Qxh5 Be2 26. Nf6+ Kf8 27. Ba3+ Kg7 28. Qh6+ Kh8 29. Qxh7# 1-0

[Event "Live Chess"]
[Site "Chess.com"]
[Date "2023.05.21"]
[Round "-"]
[White "Ian-Morley"]
[Black "daveeeeR"]
[Result "0-1"]
[WhiteElo "1054"]
[BlackElo "1292"]
[TimeControl "300"]
[EndTime "6:35:14 PDT"]
[Termination "daveeeeR won by checkmate"]

1. b3 d5 2. Bb2 d4 3. c4 e5 4. e4 Bb4 5. a3 Bd6 6. b4 b6 7. c5 bxc5 8. bxc5 Bxc5 9. Qc2 Qd6 10. Bb5+ Bd7 11. Bxd7+ Nxd7 12. d3 Qg6 13. g3 Ngf6 14. Ne2 O-O 15. Nd2 Qh5 16. Nc4 Qf3 17. O-O-O Ng4 18. a4 Qf6 19. Ba3 Qc6 20. Bxc5 Qxc5 21. Na3 Qxa3+ 22. Qb2 Qxb2+ 23. Kxb2 Nxf2 24. Rc1 Nxh1 25. Rxh1 Rab8+ 26. Ka3 a5 27. Nc1 Rb4 28. Nb3 Rfb8 29.
Rb1 Nc5 30. Nxc5 Rxb1 31. Nd7 Ra1# 0-1

[Event "Live Chess"]
[Site "Chess.com"]
[Date "2023.05.21"]
[Round "-"]
[White "Tushinskiy"]
[Black "MarkLim1"]
[Result "1-0"]
[WhiteElo "2207"]
[BlackElo "1704"]
[TimeControl "300"]
[EndTime "6:35:17 PDT"]
[Termination "Tushinskiy won by resignation"]

1. d4 d5 2. c3 c5 3. Nf3 cxd4 4. cxd4 Nc6 5. Nc3 Nf6 6. Bf4 Bf5 7. e3 e6 8. Bg3 Bb4 9. Bd3 Bxd3 10. Qxd3 Ne4 11. O-O Nxg3 12. hxg3 O-O 13. Rac1 Rc8 14. a3 Bd6 15. Rc2 a6 16. Rfc1 Qb6 17. b4 Na7 18. Na4 Qb5 19. Qxb5 axb5 20. Rxc8 Rxc8 21. Rxc8+ Nxc8 22. Nc3 Na7 23. Kf1 Kf8 24. Ke2 h6 25. Kd3 Ke7 26. Nd2 Kd7 27. f4 Kc7 28. Nb3 Kb6 29. Nc5 Nc6 30. e4 dxe4+ 31. N3xe4 Bc7 32. Nd7+ Ka7 33. Ne5 Nxe5+ 34. fxe5 Kb6 35. g4 Bd8 36. Nd6 f6 37.
Ne8 fxe5 38. dxe5 g5 39. Ke4 Kc6 40. Nd6 Be7 41. Nf7 Bf8 42. Nd8+ Kd7 43. Nxb7 Kc6 44. Na5+ Kd7 45. Nb3 Be7 46. Nd4 1-0

[Event "Live Chess"]
[Site "Chess.com"]
[Date "2023.05.21"]
[Round "-"]
[White "elephantgerrald"]
[Black "JanMur7"]
[Result "0-1"]
[WhiteElo "686"]
[BlackElo "1968"]
[TimeControl "300"]
[EndTime "6:35:20 PDT"]
[Termination "JanMur7 won by checkmate"]

1. e4 e5 2. Nf3 Nc6 3. Bb5 Nf6 4. Bxc6 dxc6 5. Nxe5 Qd4 6. Nxc6 Qxe4+ 7. Qe2 Qxe2+ 8. Kxe2 bxc6 9. Rf1 Ba6+ 10. d3 Bd6 11. Re1 O-O 12. Kf1 Rfe8 13. Rxe8+ Rxe8 14. Nc3 Bb4 15. Bd2 Bxc3 16. Bxc3 Nd5 17. Bb4 Nxb4 18. Rd1 Nxc2 19. g3 Nb4 20. f4 Bxd3+ 21. Kg2 h5 22. a3 Be4+ 23. Kh3 Nd5 24. Re1 Bf5+ 25. g4 Rxe1 26. gxf5 Rg1 27. Kh4 Nxf4 28. b4 g5+ 29. fxg6 fxg6 30.
a4 g5# 0-1

[Event "Live Chess"]
[Site "Chess.com"]
[Date "2023.05.21"]
[Round "-"]
[White "OleksiyJr1"]
[Black "LordBenin"]
[Result "0-1"]
[WhiteElo "1002"]
[BlackElo "1388"]
[TimeControl "300"]
[EndTime "6:35:22 PDT"]
[Termination "LordBenin won by checkmate"]

1. e4 c6 2. Nf3 d5 3. e5 Bg4 4. d4 e6 5. h3 Bh5 6. Nbd2 Nd7 7. Be2 c5 8. c3 cxd4 9. cxd4 Ne7 10.
Nf1 Nf5 11. Bg5 Be7 12. Bxe7 Nxe7 13. Ng3 Bg6 14. Bd3 a6 15. O-O O-O 16. Nh4 Bxd3 17.
Qxd3 Ng6 18. Nxg6 hxg6 19. b3 Rc8 20. Rac1 Qb6 21. Ne2 Qa5 22. Rc2 b5 23. Rfc1 Rxc2 24. Rxc2 Qd8 25. g4 Nb6 26. Nf4 Qd7 27. Kg2 Rc8 28. h4 Rxc2 29. Qxc2 Qc8 30. Qxc8+ Nxc8 31. Nd3 Na7 32. Nc5 a5 33. a4 bxa4 34. bxa4 Nc6 35. Nb7 Kf8 36. Kf3 Nxd4+ 37. Ke3 Nc6 38. Kd3 Ke7 39. Kc3 Kd7 40. Nc5+ Kc7 41. f4 Nd8 42. Nb3 Kb6 43. Kd4 Nc6+ 44. Kc3 Nb4 45. Kd4 Nc2+ 46. Kc3 Ne3 47. g5 Ng2 48. Kd4 Nxf4 49. Nc5 Ng2 50. Nd7+ Kc7 51. Nf8 Nxh4 52. Nh7 Kb6 53. Nf8 Nf3+ 54.
Kd3 Nxe5+ 55. Ke3 Kc5 56. Kf4 Nd3+ 57. Ke3 Nb2 58. Nd7+ Kb4 59. Nb6 Nxa4 60. Nc8 Nc5 61. Nd6 a4 62. Nxf7 a3 63. Ne5 a2 64. Nxg6 a1=Q 65.
Nf4 Qe5+ 66. Kf3 Qe4+ 67. Kg4 e5 68. Kh5 Qxf4 69. g6 Qf5+ 70. Kh4 Qxg6 71. Kh3 e4 72. Kh2 e3 73. Kh1 e2 74. Kh2 e1=Q 75. Kh3 Qh1# 0-1

[Event "Live Chess"]
[Site "Chess.com"]
[Date "2023.05.21"]
[Round "-"]
[White "RichardABates"]
[Black "AMCWAML"]
[Result "1-0"]
[WhiteElo "2155"]
[BlackElo "2269"]
[TimeControl "300"]
[EndTime "6:35:30 PDT"]
[Termination "RichardABates won on time"]

1. d4 Nf6 2. Nf3 e6 3. c4 c5 4. d5 exd5 5. cxd5 d6 6. Nc3 g6 7. Bf4 Bg7 8. e3 O-O 9. h3 a6 10. a4 Re8 11. Nd2 Nbd7 12. Nc4 Ne5 13. Bxe5 dxe5 14. a5 Nd7 15. d6 e4 16. Nd5 Rb8 17. Be2 Ne5 18. Ne7+ Rxe7 19. dxe7 Qxe7 20. Qd6 Qxd6 21.
Nxd6 Nd3+ 22. Bxd3 exd3 23. Nxc8 Bxb2 24. Rd1 Bc3+ 25.
Kf1 Rxc8 26. Rxd3 Bxa5 27. Ke2 c4 28. Rd5 b6 29. Rhd1 Kg7 30. Rd8 Rc7 31. R1d7 b5 32.
Rxc7 Bxc7 33. Rd7 Bb6 34. Rd6 Bc5 35. Rxa6 Bf8 36. Rc6 h5 37. g4 hxg4 38. hxg4 Ba3 39. Rb6 b4 40. Rc6 c3 41. Kd3 Kf8 42. Kc2 Ke7 43. f4 Kd7 44. Rf6 Ke7 45. Ra6 f6 46.
e4 Kf7 47. e5 fxe5 48. fxe5 g5 49. Rf6+ Ke7 50. Rg6 Bb2 51. Rxg5 Ke6 52. Rf5 Ba3 53. Rf1 Kxe5 54. g5 b3+ 55. Kxb3 Be7 56. g6 Bf6 57. Kxc3 Bg7 58. Rf7 Ke6+ 59. Rxg7 Kf6 60. Rg8 Kg5 61.
g7 Kh6 62. Kd4 1-0

[Event "Live Chess"]
[Site "Chess.com"]
[Date "2023.05.21"]
[Round "-"]
[White "WelshTiger"]
[Black "stevochess11"]
[Result "1-0"]
[WhiteElo "2319"]
[BlackElo "1701"]
[TimeControl "300"]
[EndTime "6:35:33 PDT"]
[Termination "WelshTiger won by resignation"]

1. e4 c5 2. Nf3 g6 3. d4 cxd4 4. Qxd4 Nf6 5. Nc3 Nc6 6. Qa4 Bg7 7. e5 Nd5 8. Nxd5 Bxe5 9. Nxe5 Nxe5 10. Bf4 Nc6 11.
Nc7+ Kf8 12. Nxa8 e5 13. Bd2 Nd4 14. O-O-O b5 15. Qxa7 Kg7 16. Nb6 d5 17. Nxc8 Qxc8 18. c3 b4 19. Kb1 bxc3 20. Bxc3 Nb5 21. Bxb5 1-0

[Event "Live Chess"]
[Site "Chess.com"]
[Date "2023.05.21"]
[Round "-"]
[White "KeithArkell"]
[Black "friarnator"]
[Result "1-0"]
[WhiteElo "2486"]
[BlackElo "2031"]
[TimeControl "300"]
[EndTime "6:35:43 PDT"]
[Termination "KeithArkell won by resignation"]

1. d4 Nf6 2. Nf3 e6 3. c4 d5 4. cxd5 exd5 5. Nc3 c6 6. Qc2 Be7 7. Bg5 O-O 8. e3 Ne4 9. Bxe7 Qxe7 10. Bd3 f5 11.
Ne5 Nd7 12. f4 Nxe5 13. dxe5 Qc5 14. Ke2 Nxc3+ 15. Qxc3 Qxc3 16. bxc3 Be6 17. Rhc1 b5 18. a4 a6 19. Ra3 Rf7 20. Rca1 bxa4 21. Rxa4 Bc8 22.
Bxa6 Rfa7 23. Bb5 Rxa4 24. Rxa4 Rxa4 25. Bxa4 Bb7 26. c4 Ba6 27. Bxc6 Bxc4+ 28. Kd2 Kf7 29. Kc3 Ke6 30. Kd4 h6 31. g3 Bb3 32. Bb5 Ba2 33. Be2 Bb3 34. g4 g6 35. Bf3 Bc4 36. h4 Bb3 37.
gxf5+ gxf5 38. Be2 Kd7 39. Ba6 Ba2 40. Bb7 1-0

[Event "Live Chess"]
[Site "Chess.com"]
[Date "2023.05.21"]
[Round "-"]
[White "1600x"]
[Black "shohrehbayat"]
[Result "1-0"]
[WhiteElo "1902"]
[BlackElo "2043"]
[TimeControl "300"]
[EndTime "6:36:02 PDT"]
[Termination "1600x won by resignation"]

1. e4 e6 2. Qe2 e5 3. Nc3 Nc6 4.
b3 Nf6 5. Bb2 Bc5 6. Nf3 O-O 7.
h3 Nd4 8. Qd3 d6 9. Nxd4 Bxd4 10. Be2 d5 11. exd5 Nxd5 12. Nxd5 Qxd5 13. Bf3 Qc5 14.
O-O-O Bxb2+ 15. Kxb2 Qxf2 16. Rde1 Qd4+ 17. Qxd4 exd4 18.
Re7 c5 19. Rf1 Rb8 20. Bd5 Be6 21. Bxb7 Rfe8 22. Rc7 c4 23. Re1 cxb3 24. cxb3 Kf8 25. Bc6 Re7 26. Rxe7 Kxe7 27. Kc2 Kd6 28. Be4 f5 29.
Bd3 Re8 30. Bc4 Rc8 31. Rxe6+ Kd7 32. Ra6 1-0

[Event "Live Chess"]
[Site "Chess.com"]
[Date "2023.05.21"]
[Round "-"]
[White "Biranidun"]
[Black "Nazar_777"]
[Result "1-0"]
[WhiteElo "2515"]
[BlackElo "1566"]
[TimeControl "300"]
[EndTime "6:36:04 PDT"]
[Termination "Biranidun won by checkmate"]

1. e4 e6 2. d4 a6 3. Nc3 h5 4.
Nf3 c5 5. d5 Nf6 6. a4 c4 7. d6 Nc6 8. Bxc4 b6 9. O-O Bb7 10. e5 Ng4 11. Bf4 Qc8 12. Qe2 Na5 13. Bd3 Nc6 14. h3 Nh6 15. Qe3 g6 16. Qxb6 Nf5 17.
Ne4 Bg7 18. Rfe1 Rb8 19. Qc5 Na5 20. Qxa5 Bxe4 21. Bxe4 f6 22. exf6 Bxf6 23. Bxf5 gxf5 24. Qxf5 Kf7 25. Ne5+ Kg7 26. Qg6+ Kf8 27. Qf7# 1-0

[Event "Live Chess"]
[Site "Chess.com"]
[Date "2023.05.21"]
[Round "-"]
[White "lateforthesky"]
[Black "Conradical12"]
[Result "1-0"]
[WhiteElo "2111"]
[BlackElo "1583"]
[TimeControl "300"]
[EndTime "6:36:15 PDT"]
[Termination "lateforthesky won by resignation"]

1. e4 e5 2. f4 exf4 3. Nf3 g5 4. Bc4 h6 5. d4 Bg7 6. h4 g4 7. Ne5 Bxe5 8. dxe5 d6 9. Bxf4 Nc6 10. exd6 cxd6 11. Nc3 1-0

[Event "Live Chess"]
[Site "Chess.com"]
[Date "2023.05.21"]
[Round "-"]
[White "MJMykh"]
[Black "EdenHazard8"]
[Result "0-1"]
[WhiteElo "1162"]
[BlackElo "1983"]
[TimeControl "300"]
[EndTime "6:36:22 PDT"]
[Termination "EdenHazard8 won by resignation"]

1. e4 c6 2. Nf3 d5 3. exd5 cxd5 4. d4 Nc6 5. Nc3 Bg4 6. Bb5 e6 7. Bxc6+ bxc6 8. O-O Bd6 9. h3 Bh5 10. Qd3 Bc7 11.
Bg5 Qd6 12. Ne5 f6 13. Bf4 fxe5 14. Bxe5 Qe7 15. Bxc7 Qxc7 16. Na4 Nf6 17. Nc5 Qe7 18. Qe3 Ne4 19. f3 Nxc5 20. dxc5 O-O 21. Rfe1 Rf6 22. Qg5 Bg6 23. c3 Raf8 24. Qe3 Qc7 25. Qe5 Qf7 26. Qe2 Bf5 27. Kh2 Rh6 28. g4 Bg6 29.
Rf1 Qf4+ 30. Kg2 e5 31. Qf2 e4 32. fxe4 Bxe4+ 33. Kg1 Qxf2+ 34. Rxf2 Rxf2 35. Kxf2 Rxh3 36. Rb1 Bxb1 0-1